 Dungeon Crawl Stone Soup version 0.29-a0-284-gf9362112df (webtiles) character file.

Game seed: 4478157847084950319

616 bande the Chopper (level 7, -16/44 HPs)
             Began as a Gargoyle Fighter on Mar 24, 2022.
             Demolished by an ogre
             ... wielding a +0 giant club
              (19 damage)
             ... on level 5 of the Dungeon.
             The game lasted 00:09:32 (4620 turns).

bande the Chopper (Gargoyle Fighter)                Turns: 4620, Time: 00:09:33

Health: -16/44     AC: 14    Str: 19    XL:     7   Next: 45%
Magic:  7/7        EV:  9    Int:  9    God:
Gold:   291        SH:  6    Dex: 11    Spells: 6/6 levels left

rFire   + . .      SeeInvis .   a - +1 war axe
rCold   + . .      Faith    .   c - +1 buckler
rNeg    + + .      Spirit   .   b - +0 scale mail
rPois   ∞          Reflect  .   f - +0 helmet
rElec   +          Harm     .   (no cloak)
rCorr   +          Rampage  .   (no gloves)
Will    .....                   o - +0 pair of boots
Stlth   ..........              (no amulet)
HPRegen 0.14/turn               g - ring of positive energy
MPRegen 0.10/turn               k - ring of flight

@: resistant, flying
A: sickness immunity, AC +4, negative energy resistance 1, electricity
resistance, torment resistance 1, petrification resistance
a: no special abilities


You were on level 5 of the Dungeon.
You visited 1 branch of the dungeon, and saw 5 of its levels.

You collected 291 gold pieces.

Inventory:

Hand Weapons
 a - a +1 war axe (weapon)
 q - a +3 flail of holy wrath
Armour
 b - a +0 scale mail (worn)
 c - a +1 buckler (worn)
 f - a +0 helmet (worn)
 o - a +0 pair of boots (worn)
Jewellery
 g - a ring of positive energy (left hand)
 k - a ring of flight (right hand)
 n - an amulet of faith
Scrolls
 e - 4 scrolls of teleportation
 p - a scroll of enchant armour
 s - a scroll of identify
 t - a scroll of fear
Potions
 d - a potion of might
 i - a potion of berserk rage
 j - 2 potions of magic
 l - a potion of cancellation
 m - a potion of degeneration {unknown}
 r - 2 potions of brilliance {unknown}
 u - a potion of heal wounds {unknown}


   Skills:
 + Level 4.4 Fighting
 + Level 5.3 Axes
 + Level 5.1 Armour
 + Level 4.7 Shields


You had 6 spell levels left.
You didn't know any spells.
Your spell library contained the following spells:

 Spells                   Type           Power      Damage    Failure   Level
 Magic Dart               Conj           0%         1d3       83%         1
 Call Imp                 Summ           0%         N/A       92%         2
 Ensorcelled Hibernation  Hex/Ice        0%         N/A       92%         2
 Passwall                 Tmut/Erth      0%         N/A       92%         2
 Mephitic Cloud           Conj/Pois/Air  0%         N/A       99%         3
 Swiftness                Air            0%         N/A       99%         3


Dungeon Overview and Level Annotations

Branches:
Dungeon (5/15)
 Temple: D:4-7

Altars:
Fedhas
Trog
Uskayaw

Shops:
D:2 (


Innate Abilities, Weirdness & Mutations

You are immune to sickness and miasma.
Your stone body is resilient. (AC +4)
You are immune to poison.
You resist negative energy. (rN+)
You are resistant to electric shocks. (rElec)
You are resistant to unholy torment.
You are immune to petrification.


Message History

The iguana bites you!
You barely miss the iguana.
The iguana is severely wounded.
You block the iguana's attack.
You closely miss the iguana.
The iguana is severely wounded.
The iguana bites you. The iguana barely misses you.
You closely miss the iguana.
The iguana is severely wounded.
The iguana bites you!
You are too injured to fight recklessly!
You are too injured to fight recklessly!
You are too injured to fight recklessly!
You are too injured to fight recklessly!
You are too injured to fight recklessly!
You are too injured to fight recklessly!
You are too injured to fight recklessly!
You are too injured to fight recklessly!
You are too injured to fight recklessly!
You are too injured to fight recklessly!
You are too injured to fight recklessly!
You are too injured to fight recklessly!
You are too injured to fight recklessly!
You are too injured to fight recklessly!
You feel protected.
The iguana bites you but does no damage.
You hit the iguana.
You kill the iguana!
The ogre misses you. The ogre attacks as you move away!
The ogre hits you with a +0 giant club!
* * * LOW HITPOINT WARNING * * *
The ogre hits you with a +0 giant club.
* * * LOW HITPOINT WARNING * * *
The ogre hits you with a +0 giant club.
* * * LOW HITPOINT WARNING * * *
Unknown command.
You slash the ogre!
The ogre is heavily wounded.
The ogre hits you with a +0 giant club!!
You die...

#.......##...#* ####,
##.....###...# **,> ##....###...#
****,,, *
#....##...######******,,,,,, ****
##...##........##,,,,,,,,,,,
,,,***#...............,,,,,,,,,,,
,,,,,,#..............,,,,,,,,,,,,
,,>.....#####....###******,,,,,,,
,,......# ##.O@## **,,,,,,,
,,.....#* ##...# *,,,,,,,,
**###..* ##..#* **,,,,,,,* *#..**
##..#****,,,,,,,** *..,,*
*....#*,,,,,,,,* **,,,,**
**.....#,,,,,,,,* **,,,,,,*
*,.......,,,,,,,** **,,,*,,,***
*,.......,,,,,,,,* *,,,**,,,,,**
**,.......,,,,,,,,,


You could see an ogre.

Vanquished Creatures
  Edmund (D:4)
  Pargi (D:4)
  2 phantoms
  2 jellies
  2 iguanas
  Robin (D:2)
  4 adders
  2 dart slugs
  6 orcs
  7 bats
  6 endoplasms
  A giant cockroach (D:1)
  14 goblins
  11 hobgoblins
  4 jackals
  4 quokkas
  2 ball pythons
  4 frilled lizards
  3 kobolds
  11 rats
88 creatures vanquished.

Vanquished Creatures (collateral kills)
  A quokka (D:4)
1 creature vanquished.

Grand Total: 89 creatures vanquished

Notes
Turn   | Place    | Note
-------+----------+-------------------------------------------
     0 | D:1      | bande the Gargoyle Fighter began the quest for the Orb.
     0 | D:1      | Reached XP level 1. HP: 14/14 MP: 1/1
   399 | D:1      | Reached XP level 2. HP: 18/19 MP: 2/2
   714 | D:1      | Found a faded altar of an unknown god.
   912 | D:1      | Reached XP level 3. HP: 23/23 MP: 3/3
  1294 | D:2      | Found Inuarghe's Weapon Boutique.
  1294 | D:2      | Noticed Robin
  1322 | D:2      | Reached XP level 4. HP: 26/28 MP: 4/4
  1350 | D:2      | Killed Robin
  1535 | D:2      | Identified the +11 whip "Grim" {drain, rF+ Str+6}
  2519 | D:4      | Reached XP level 5. HP: 33/33 MP: 5/5
  2533 | D:4      | Noticed Edmund
  2549 | D:4      | Killed Edmund
  2550 | D:4      | Reached XP level 6. HP: 13/38 MP: 6/6
  2966 | D:4      | Noticed Pargi
  2996 | D:4      | Killed Pargi
  3627 | D:4      | Reached XP level 7. HP: 19/43 MP: 7/7
  4221 | D:5      | Entered Level 5 of the Dungeon
  4260 | D:5      | Found a bloodstained altar of Trog.
  4260 | D:5      | Found a blossoming altar of Fedhas.
  4295 | D:5      | Reached skill level 5 in Axes
  4550 | D:5      | Reached skill level 5 in Armour
  4554 | D:5      | Found a hide-covered altar of Uskayaw.
  4620 | D:5      | Demolished by an ogre

Illustrated notes

Levels and vault maps discovered:
D:1:      lemuel_arrival_funnel, layout_rooms, chequers_ecumenical_altar_island,
          palyth_stone_intersect
D:2:      layout_rooms, serial_shops, shop, minmay_rat_gold_closets, uniq_robin
D:3:      layout_loops_ring
D:4:      layout_loops_cross, kennysheep_boxes, uniq_pargi, uniq_edmund
D:5:      layout_layer_cave, marbit_many_paths,
          mainiacjoe_overflow_divided_tiny, uniq_crazy_yiuf_cottage

Skill      XL: |  1  2  3  4  5  6  7 |
---------------+----------------------+-----
Axes           | 2 3 4 5 |  5.3
Shields        | 4 |  4.7
Armour         | 4 5 |  5.1
Fighting       | 4 |  4.4

Action                   |  1- 3 |  4- 6 |  7- 9 || total
-------------------------+-------+-------+-------++-------
Melee: War axe           |   114 |   152 |    46 ||   312
  Use: Scroll            |     3 |     6 |     4 ||    13
       Potion            |       |     3 |     1 ||     4
Armor: Scale mail        |    66 |   108 |    21 ||   195
Dodge: Dodged            |    66 |   100 |    17 ||   183
Block: Buckler           |    35 |    54 |    11 ||   100

Table legend: (Time is in decaauts)
 A = Elapsed time spent in this place.
 B = Non-inter-level travel time spent in this place.
 C = Inter-level travel time spent in this place.
 D = Time resting spent in this place.
 E = Time spent auto-exploring this place.
 F = Levels seen in this place.
 G = Mean time per level.
                   A        B        C        D        E       F      G
               +--------+--------+--------+--------+--------+-----+--------+
         Total |   4738 |   4679 |     59 |   1673 |   2147 |   5 |  947.6 |
       Dungeon |   4738 |   4679 |     59 |   1673 |   2147 |   5 |  947.6 |
               +--------+--------+--------+--------+--------+-----+--------+

Top non-repeatable levels by time:
     D:4: 1784 daAuts
     D:1: 1279 daAuts
     D:2: 693 daAuts
     D:3: 575 daAuts
     D:5: 405 daAuts
